 Dungeon Crawl Stone Soup version 0.30.1-11-g7821555f0a (webtiles) character file.

Game seed: 2577750705204497039

116 KittyFluff the Cudgeller (level 5, -5/33 HPs)
             Began as a Gargoyle Berserker on Nov 10, 2023.
             Was a Believer of Trog.
             Killed by divine providence
             ... invoked by an orc priest
              (14 damage)
             ... on level 3 of the Dungeon.
             The game lasted 00:06:08 (1460 turns).

KittyFluff the Cudgeller (Gargoyle Berserker)       Turns: 1460, Time: 00:06:09

Health: -5/33      AC:  7    Str: 28    XL:     5   Next: 1%
Magic:  5/5        EV: 12    Int:  8    God:    Trog [**....]
Gold:   104        SH:  0    Dex:  9    Spells: 4/4 levels left

rFire   . . .        j - +2 whip (elec)
rCold   . . .        (no shield)
rNeg    + . .        b - +0 animal skin
rPois   ∞            (no helmet)
rElec   +            (no cloak)
rCorr   .            (no gloves)
SInv    .            c - +0 pair of boots
Will    .....        (no amulet)
Stlth   ++           k - +6 ring of strength
HPRegen 0.25/turn    l - +4 ring of slaying
MPRegen 0.09/turn

%: no passive effects
@: no status effects
A: sickness immunity, AC +4, negative energy resistance 1, electricity
resistance, torment resistance 1, petrification resistance
a: Renounce Religion, Berserk, Trog's Hand


You were on level 3 of the Dungeon.
You worshipped Trog.
Trog was pleased with you.
You visited 1 branch of the dungeon, and saw 3 of its levels.

You collected 104 gold pieces.

Inventory:

Hand Weapons
 a - a +0 mace
 j - a +2 whip of electrocution (weapon)
Missiles
 m - a throwing net (quivered)
 n - 4 poisoned darts
Armour
 b - a +0 animal skin (worn)
 c - a +0 pair of boots (worn)
Jewellery
 k - a +6 ring of strength (left hand)
 l - a +4 ring of slaying (right hand)
 v - an amulet of the acrobat
Wands
 s - a wand of iceblast (7)
Scrolls
 d - a scroll of noise {unknown}
 g - 2 scrolls of teleportation {unknown}
 h - 2 scrolls of identify {unknown}
 o - a scroll of poison {unknown}
 r - a scroll of enchant armour {unknown}
 t - a scroll of magic mapping {unknown}
 w - a scroll of fear {unknown}
 x - a scroll of immolation {unknown}
Potions
 e - 3 potions of haste {unknown}
 f - a potion of brilliance {unknown}
 i - a potion of curing {unknown}
 p - a potion of lignification {unknown}
 q - a potion of invisibility {unknown}
 u - a potion of might {unknown}


   Skills:
 + Level 3.7 Fighting
 * Level 3.9 Maces & Flails
 * Level 3.4 Armour
 + Level 2.0 Dodging
 + Level 1.8 Stealth


You had 4 spell levels left.
You didn't know any spells.
Your spell library was empty.

Dungeon Overview and Level Annotations

Branches:
Dungeon (3/15)

Altars:
Fedhas
Hepliaklqana


Innate Abilities, Weirdness & Mutations

You are immune to sickness and miasma.
Your stone body is resilient. (AC +4)
You are immune to poison.
You resist negative energy. (rN+)
You are resistant to electric shocks. (rElec)
You are resistant to unholy torment.
You are immune to petrification.


Message History

You kill the orc!
Trog accepts your kill. The orc wizard closely misses you.
Items here: ))) [[[.
You barely miss the orc wizard.
The orc wizard hits you with a +0 dagger.
You completely miss the orc wizard.
The orc wizard points at you and mumbles some strange words.
The puff of flame hits you.
You barely miss the orc wizard.
The orc wizard gestures at you while chanting.
The magic dart hits you but does no damage.
You completely miss the orc wizard.
The orc wizard hits you but does no damage.
You closely miss the orc wizard.
The orc wizard hits you but does no damage.
You closely miss the orc wizard.
The orc wizard points at you and mumbles some strange words.
The puff of flame hits you.
* * * LOW HITPOINT WARNING * * *
You closely miss the orc wizard.
The orc wizard hits you but does no damage.
You hit the orc wizard.
The orc wizard is moderately wounded.
The orc wizard hits you but does no damage.
You hit the orc wizard.
Lightning courses through the orc wizard!
You kill the orc wizard!
Trog accepts your kill.
Trog appreciates your killing of a magic user.
You have reached level 5!
You hit the orc.
The orc is severely wounded.
The orc barely misses you.
You whack the orc! Lightning courses through the orc!
You kill the orc!
Trog accepts your kill.
The orc priest invokes the aid of Beogh against you.
Beogh smites you!
You die...

#############
#...@)o.....#
#.####.####.# #
..... #.#
#.......#.#
#....o..#.##
#o.ooo..#..##
#....oo.#...#
#.......#.#.###
#.....#


You could see an orc priest.

Vanquished Creatures
  2 orc wizards (D:3)
  A worm (D:2)
  3 dart slugs
  3 orcs (D:3)
  4 ball pythons (D:2)
  A bat (D:3)
  9 endoplasms
  2 giant cockroaches (D:1)
  5 goblins
  3 hobgoblins (D:2)
  2 jackals (D:1)
  7 kobolds
  5 quokkas
  3 frilled lizards
  3 rats
53 creatures vanquished.

Notes
Turn   | Place    | Note
-------+----------+-------------------------------------------
     0 | D:1      | KittyFluff the Gargoyle Berserker began the quest for the
                  | Orb.
     0 | D:1      | Reached XP level 1. HP: 14/14 MP: 1/1
    92 | D:1      | Reached XP level 2. HP: 18/19 MP: 2/2
   525 | D:1      | Reached XP level 3. HP: 23/23 MP: 3/3
   630 | D:1      | Reached ** piety under Trog
   631 | D:1      | Reached skill level 1 in Stealth
   751 | D:2      | Found a hazy altar of Hepliaklqana.
  1177 | D:2      | Reached XP level 4. HP: 28/28 MP: 4/4
  1431 | D:3      | Found a blossoming altar of Fedhas.
  1459 | D:3      | Reached XP level 5. HP: 8/33 MP: 5/5
  1460 | D:3      | Killed from afar by an orc priest

Illustrated notes

Levels and vault maps discovered:
D:1:      giann_wishing_wells, layout_loops_ring
D:2:      layout_basic, basic_altar
D:3:      layout_loops_ring, lemuel_tele_altar

Skill      XL: |  1  2  3  4 |
---------------+-------------+-----
Stealth        | 1 |  1.8
Armour         | 3 |  3.4
Dodging        | 2 |  2.0
Fighting       | |  3.7
Maces & Flails | |  3.9

Action                     |  1- 3 |  4- 6 || total
---------------------------+-------+-------++-------
  Melee: Mace              |    58 |       ||    58
         Whip              |    36 |    26 ||    62
   Stab: Sleeping          |     3 |     1 ||     4
 Armour: Animal skin       |    28 |     5 ||    33
  Dodge: Dodged            |    42 |     6 ||    48
